 Dungeon Crawl Stone Soup version 0.28.0-43-g3370ac3207 (webtiles) character file.

Game seed: 17889427436231893587

2293 lonewolfV2 the Cleaver (level 9, -3/78 HPs)
             Began as a Minotaur Fighter on Mar 21, 2022.
             Slain by a seven-headed hydra (13 damage)
             ... on level 7 of the Dungeon on Mar 22, 2022.
             The game lasted 00:08:48 (6924 turns).

lonewolfV2 the Cleaver (Minotaur Fighter)           Turns: 6924, Time: 00:08:49

Health: -3/78      AC:  8    Str: 26    XL:     9   Next: 17%
Magic:  8/8        EV: 14    Int:  5    God:
Gold:   296        SH:  4    Dex:  9    Spells: 8/8 levels left

rFire   . . .      SeeInvis .   a - +1 war axe
rCold   + . .      Faith    .   c - +0 buckler
rNeg    . . .      Spirit   .   b - +0 scale mail
rPois   .          Reflect  .   (helmet restricted)
rElec   .          Harm     .   (no cloak)
rCorr   .          Rampage  .   (no gloves)
Will    .....                   (no boots)
Stlth   ..........              (no amulet)
HPRegen 0.23/turn               l - +4 ring of evasion
MPRegen 0.11/turn               q - ring of protection from cold

@: no status effects
A: horns 2, retaliatory headbutt
a: no special abilities


You were on level 7 of the Dungeon.
You visited 1 branch of the dungeon, and saw 7 of its levels.

You collected 296 gold pieces.

Inventory:

Hand Weapons
 a - a +1 war axe (weapon)
Armour
 b - a +0 scale mail (worn)
 c - a +0 buckler (worn)
Jewellery
 l - a +4 ring of evasion (left hand)
 q - a ring of protection from cold (right hand)
Wands
 p - a wand of iceblast (5)
 s - a wand of flame (21)
 v - a wand of paralysis (18)
Scrolls
 g - 3 scrolls of enchant weapon
 m - 3 scrolls of teleportation
 r - a scroll of summoning
 t - 3 scrolls of silence {unknown}
 w - a scroll of vulnerability {unknown}
Potions
 d - 3 potions of might
 e - 2 potions of heal wounds
 f - a potion of brilliance
 h - 2 potions of lignification
 i - 2 potions of curing
 j - 2 potions of berserk rage
 k - 2 potions of degeneration
 n - 2 potions of resistance
 o - a potion of mutation {unknown}
 u - a potion of attraction {unknown}
Miscellaneous
 x - a piece from Xom's chessboard (inert) (quivered)


   Skills:
 + Level 6.6 Fighting
 + Level 9.7 Axes
 + Level 7.9 Armour
 + Level 3.3 Dodging
 + Level 1.9 Stealth
 + Level 5.3 Shields
 + Level 1.3 Evocations


You had 8 spell levels left.
You didn't know any spells.
Your spell library contained the following spells:

 Spells                   Type           Power      Damage    Failure   Level
 Animate Skeleton         Necr           0%         N/A       82%         1
 Pain                     Necr           0%         1d4       82%         1
 Gell's Gravitas          Tloc           0%         N/A       99%         3
 Ignite Poison            Fire/Tmut/Pois 0%         N/A       99%         3
 Mephitic Cloud           Conj/Pois/Air  0%         N/A       99%         3
 Ozocubu's Armour         Ice            0%         N/A       99%         3
 Teleport Other           Tloc           0%         N/A       99%         3
 Vampiric Draining        Necr           0%         2d6       99%         3
 Freezing Cloud           Conj/Ice/Air   0%         6-21      100%        5
 Dispersal                Tloc           0%         N/A       100%        6
 Ozocubu's Refrigeration  Ice            0%         4d5       100%        7


Dungeon Overview and Level Annotations

Branches:
Dungeon (7/15)             Temple (0/1) D:6

Altars:
Okawaru
Qazlal
Trog
Xom

Annotations:
D:5 2 transporters, Icepheonix32's ghost, weakling DsDe
D:7 4 runed translucent doors, Ekaitz's ghost, novice DsEE


Innate Abilities, Weirdness & Mutations

You have a pair of horns on your head.
You reflexively headbutt those who attack you in melee.


Message History

The centaur is heavily wounded.
You lop one of the four-headed hydra's heads off!
The three-headed hydra grows two more!
You slash the five-headed hydra! You block the centaur's attack.
The centaur kicks you but does no damage.
The five-headed hydra bites you but does no damage.
The five-headed hydra barely misses you.
The five-headed hydra bites you! x2
The five-headed hydra bites you but does no damage.
The centaur hits you.
The centaur kicks you but does no damage.
You hit the centaur but do no damage. You headbutt the centaur!
You kill the centaur!
You lop one of the five-headed hydra's heads off!
The four-headed hydra grows two more!
You slash the six-headed hydra! The six-headed hydra barely misses you.
The six-headed hydra bites you but does no damage.
The six-headed hydra bites you.
The six-headed hydra bites you but does no damage.
The six-headed hydra bites you. x2
You slice one of the six-headed hydra's heads off!
The five-headed hydra grows two more!
You slice the seven-headed hydra!!
The seven-headed hydra is moderately wounded.
A six-headed hydra comes into view.
The seven-headed hydra bites you.
You block the seven-headed hydra's attack.
The seven-headed hydra bites you!
* * * LOW HITPOINT WARNING * * *
The seven-headed hydra misses you. x2
The seven-headed hydra completely misses you.
The seven-headed hydra bites you but does no damage.
Okay, then.
You feel much better.
The six-headed hydra roars!
The seven-headed hydra bites you! x2
* * * LOW HITPOINT WARNING * * *
The seven-headed hydra misses you. The seven-headed hydra bites you!
* * * LOW HITPOINT WARNING * * *
The seven-headed hydra bites you!
You die...

##.......# ...#
#........# #... .....#
##.........
##...........
###........
.............
###....###..>..........
##(###... ..............
#....## ..............
#.....D###..............
#.)@..##.#.......[(.
#.D....###...# #.......)
#.?..###^..### #.......
##$###...### ###.....
###...#.### #....#
###...###....### ##..###
##...####.......####..##
#..### #........))##..#
##.## #....<...)...##


You could see a seven-headed hydra and a six-headed hydra.

Vanquished Creatures
  An ice beast (D:7)
  3 sky beasts
  5 ogres
  3 necrophages
  3 centaurs
  A kobold brigand (D:7)
  A bullfrog (D:7)
  A gnoll sergeant (D:7)
  2 scorpions
  3 howler monkeys
  A centaur zombie (D:7)
  2 bullfrog skeletons (D:5)
  A gnoll shaman (D:7)
  A hound (D:4)
  Ijyb (D:4)
  Terence (D:2)
  2 iguanas (D:5)
  An orc wizard (D:7)
  10 gnolls
  7 adders
  A shadow imp (D:6)
  3 white imps
  A worm (D:2)
  2 dart slugs (D:1)
  13 orcs
  4 ball pythons (D:2)
  A bat (D:1)
  7 endoplasms
  8 giant cockroaches
  3 goblins
  7 hobgoblins
  10 jackals
  5 quokkas
  3 frilled lizards (D:1)
  18 kobolds
  7 rats
  A spectral hobgoblin (D:1)
144 creatures vanquished.

Vanquished Creatures (collateral kills)
  An endoplasm (D:3)
  A kobold (D:3)
2 creatures vanquished.

Grand Total: 146 creatures vanquished

Notes
Turn   | Place    | Note
-------+----------+-------------------------------------------
     0 | D:1      | lonewolfV2 the Minotaur Fighter began the quest for the
                  | Orb.
     0 | D:1      | Reached XP level 1. HP: 19/19 MP: 0/0
    81 | D:1      | Reached XP level 2. HP: 25/27 MP: 1/1
   356 | D:1      | Reached XP level 3. HP: 33/33 MP: 2/2
   428 | D:1      | Found a faded altar of an unknown god.
   734 | D:1      | Reached skill level 3 in Axes
  1355 | D:2      | Reached XP level 4. HP: 40/40 MP: 3/3
  1465 | D:2      | Noticed Terence
  1472 | D:2      | Killed Terence
  1544 | D:2      | Reached skill level 1 in Dodging
  1547 | D:2      | Reached skill level 4 in Axes
  1712 | D:2      | Reached XP level 5. HP: 47/47 MP: 4/4
  3072 | D:4      | Noticed an ogre
  3084 | D:4      | Killed an ogre
  3085 | D:4      | Reached skill level 5 in Axes
  3085 | D:4      | Reached skill level 5 in Armour
  3085 | D:4      | Reached XP level 6. HP: 34/53 MP: 5/5
  3546 | D:4      | Noticed Ijyb
  3560 | D:4      | Killed Ijyb
  3907 | D:5      | Entered Level 5 of the Dungeon
  3945 | D:5      | Reached XP level 7. HP: 48/60 MP: 6/6
  4015 | D:5      | Noticed Icepheonix32's ghost (weakling DsDe)
  4018 | D:5      | Found a transporter.
  4045 | D:5      | Reached skill level 5 in Fighting
  4045 | D:5      | Reached skill level 6 in Axes
  4050 | D:5      | Reached skill level 1 in Stealth
  4367 | D:5      | Reached skill level 7 in Axes
  4771 | D:5      | Found a transporter.
  4866 | D:5      | Reached XP level 8. HP: 65/69 MP: 7/7
  5236 | D:6      | Found a shimmering altar of Xom.
  5262 | D:6      | Found a staircase to the Ecumenical Temple.
  5361 | D:6      | Reached skill level 8 in Axes
  5872 | D:7      | Reached skill level 5 in Shields
  5999 | D:7      | Reached skill level 1 in Evocations
  6122 | D:7      | Found a runed translucent gate.
  6122 | D:7      | Found a runed translucent gate.
  6122 | D:7      | Found a runed translucent gate.
  6123 | D:7      | Noticed Ekaitz's ghost (novice DsEE)
  6232 | D:7      | Reached skill level 9 in Axes
  6248 | D:7      | Found a runed translucent door.
  6248 | D:7      | Noticed a boulder beetle
  6261 | D:7      | Found a bloodstained altar of Trog.
  6266 | D:7      | Found an iron altar of Okawaru.
  6266 | D:7      | Found a stormy altar of Qazlal.
  6566 | D:7      | Reached XP level 9. HP: 57/78 MP: 8/8
  6915 | D:7      | Noticed a four-headed hydra
  6923 | D:7      | Noticed a six-headed hydra
  6924 | D:7      | Slain by a seven-headed hydra

Illustrated notes

Levels and vault maps discovered:
D:1:      minmay_arrival_diagonal_passages, layout_basic,
          dreamdust_ecumenical_altar_drowned_temple, solitary_fountain,
          st_stairs_11, minmay_statues_item, chequers_decorated_corner
D:2:      layout_loops_corners, hangedman_feature_mirror, patterned_corridor,
          uniq_terence
D:3:      layout_loops_ring
D:4:      layout_loops_cross, uniq_ijyb
D:5:      layout_loops_ring, gammafunk_ghost_arena, gup_sewer_entry_bubbles
D:6:      layout_rooms, xom_butterflies, minmay_temple_entry_grid,
          chequers_serial_rivers_room_b
D:7:      minmay_the_grid_four_pointed_star
          [minmay_the_grid_triangle_9x9_dagger,
          minmay_the_grid_triangle_9x9_fully_insulated_deathbox,
          minmay_the_grid_triangle_9x9_zippers_vertical,
          minmay_the_grid_triangle_9x9_sprig,
          minmay_the_grid_prize_four_corners], layout_cave_pods,
          grunt_temple_overflow_open, gammafunk_ghost_nasty_kobolds

Skill      XL: |  1  2  3  4  5  6  7  8 |
---------------+-------------------------+-----
Shields        | 4 5 |  5.3
Armour         | 4 5 6 7 |  7.9
Fighting       | 4 5 6 |  6.6
Axes           | 3 4 5 7 9 |  9.7
Dodging        | 1 2 3 |  3.3
Stealth        | 1 |  1.9
Evocations     | 1 |  1.3

Action                   |  1- 3 |  4- 6 |  7- 9 || total
-------------------------+-------+-------+-------++-------
Melee: War axe           |    77 |    93 |   159 ||   329
       Headbutt          |     7 |    10 |    28 ||    45
Evoke: Piece from Xom's  |       |       |    18 ||    18
  Use: Scroll            |     3 |     4 |     6 ||    13
       Potion            |       |       |     4 ||     4
 Stab: Confused          |       |       |     1 ||     1
       Sleeping          |       |       |     1 ||     1
       Petrified         |       |       |     2 ||     2
Armor: Scale mail        |    54 |    30 |    71 ||   155
Dodge: Dodged            |    46 |    51 |   139 ||   236
Block: Buckler           |    19 |    20 |    39 ||    78
